 Dungeon Crawl Stone Soup version 0.29-a0-477-g62b78b4225 (webtiles) character file.

Game seed: 12936009680290297087

34 lesaewzxc the Slasher (level 3, 0/30 HPs)
             Began as a Merfolk Berserker on May 24, 2022.
             Was a Follower of Okawaru.
             Slain by a polar bear (6 damage)
             ... created by the rage of Trog
             ... on level 2 of the Dungeon.
             The game lasted 00:07:39 (1092 turns).

lesaewzxc the Slasher (Merfolk Berserker)           Turns: 1092, Time: 00:07:39

Health: 0/30       AC:  5    Str: 17 (19) XL:     3   Next: 31%
Magic:  3/3        EV: 13    Int:  6      God:    Okawaru [*.....]
Gold:   60         SH:  0    Dex: 13      Spells: 2/2 levels left

rFire   . . .      SeeInvis .   a - +0 falchion
rCold   . . .      Faith    .   (no shield)
rNeg    . . .      Spirit   .   b - +0 animal skin
rPois   .          Reflect  .   (no helmet)
rElec   .          Harm     .   (no cloak)
rCorr   .          Rampage  .   c - +2 pair of gloves
Will    .....                   (no boots)
Stlth   +.........              (no amulet)
HPRegen 0.10/turn               (no ring)
MPRegen 0.08/turn               (no ring)

@: mighty
A: (nimble swimmer 2), mertail
a: Renounce Religion, Heroism


You were on level 2 of the Dungeon.
You worshipped Okawaru.
Okawaru was aware of your devotion.
You visited 1 branch of the dungeon, and saw 2 of its levels.

You collected 60 gold pieces.

Inventory:

Hand Weapons
 a - a +0 falchion (weapon)
Armour
 b - a +0 animal skin (worn)
 c - a +2 pair of gloves (worn)
Potions
 d - a potion of might
 e - a potion of attraction {unknown}


   Skills:
 * Level 3.7 Fighting
 + Level 4.0 Long Blades
 + Level 1.7 Armour
 + Level 3.2 Dodging
 + Level 0.9 Invocations


You had 2 spell levels left.
You didn't know any spells.
Your spell library was empty.

Dungeon Overview and Level Annotations

Branches:
Dungeon (2/15)

Altars:
Okawaru

Shops:
D:1 (


Innate Abilities, Weirdness & Mutations

((You are very nimble when in or above water. (Stealth+, EV+, Speed+++)))
Your lower body shifts to a powerful aquatic tail in water.


Message History

The jackal bites you but does no damage.
You closely miss the jackal. The jackal barely misses you.
The jackal misses you.
You hit the jackal.
The jackal is almost dead.
The jackal bites you but does no damage.
You hit the jackal but do no damage.
The jackal is almost dead.
The jackal barely misses you. The jackal bites you.
You closely miss the jackal.
The jackal is almost dead.
The jackal bites you but does no damage.
You hit the jackal.
You kill the jackal!
Okawaru accepts your kill.
A jackal comes into view.
You see here a jackal corpse.
You hit the jackal.
You kill the jackal!
Okawaru accepts your kill.
Trog sends monsters to punish you. 3 polar bears and a black bear come into view.
It was a potion of might.
You feel very mighty all of a sudden.
You closely miss the polar bear.
The black bear rages.
The polar bear bites you!!
Ouch! That really hurt!
* * * LOW HITPOINT WARNING * * *
The polar bear closely misses you.
The polar bear claws you but does no damage.
You slash the polar bear!
The polar bear is lightly wounded.
The polar bear bites you.
* * * LOW HITPOINT WARNING * * *
The polar bear misses you. x2; The black bear closely misses you.
The black bear claws you but does no damage.
The black bear closely misses you. The polar bear closely misses you.
The polar bear claws you.
You die...

#####
#<#.#
#####.#.#
#....†hh#
#.###.#@#
...#h#
##.##.#
.. ..#
### ###


You could see 2 polar bears and a black bear (berserk).

Vanquished Creatures
  2 dart slugs (D:1)
  7 ball pythons (D:1)
  2 endoplasms (D:1)
  A giant cockroach (D:1)
  A goblin (D:1)
  3 hobgoblins (D:1)
  3 jackals (D:2)
  5 kobolds (D:1)
  A bat (D:1)
  2 rats (D:1)
27 creatures vanquished.

Notes
Turn   | Place    | Note
-------+----------+-------------------------------------------
     0 | D:1      | lesaewzxc the Merfolk Berserker began the quest for the
                  | Orb.
     0 | D:1      | Reached XP level 1. HP: 18/18 MP: 1/1
    54 | D:1      | Found a faded altar of an unknown god.
    61 | D:1      | Prayed at the altar of an unknown god.
    61 | D:1      | Fell from the grace of Trog
    61 | D:1      | Became a worshipper of Warmaster Okawaru
    61 | D:1      | Reached * piety under Okawaru
   200 | D:1      | Reached XP level 2. HP: 12/24 MP: 2/2
   603 | D:1      | Reached XP level 3. HP: 16/29 MP: 3/3
   616 | D:1      | Found Itiunuq's Antique Weapon Shoppe.
  1081 | D:2      | Reached skill level 4 in Long Blades
  1090 | D:2      | Noticed a polar bear
  1090 | D:2      | Noticed a polar bear
  1090 | D:2      | Noticed a polar bear
  1090 | D:2      | Noticed a black bear
  1092 | D:2      | Slain by a polar bear

Illustrated notes

Levels and vault maps discovered:
D:1:      minmay_arrival_arboretum_small, layout_loops_ring,
          shapermc_ecumenical_altar_pompeii, serial_shops,
          nicolae_shop_behind_doors
D:2:      layout_basic, serial_shops, shop, minmay_surrounded, uniq_robin

Skill      XL: |  1  2  3 |
---------------+----------+-----
Dodging        | 3 |  3.2
Long Blades    | 4 |  4.0
Fighting       | |  3.7
Armour         | |  1.7
Invocations    | |  0.9

Action                   || total
-------------------------++-------
Melee: Falchion          ||    72
       Punch             ||     1
  Use: Potion            ||     2
 Stab: Sleeping          ||     2
Armor: Animal skin       ||    23
Dodge: Dodged            ||    47

Table legend: (Time is in decaauts)
 A = Elapsed time spent in this place.
 B = Non-inter-level travel time spent in this place.
 C = Inter-level travel time spent in this place.
 D = Time resting spent in this place.
 E = Time spent auto-exploring this place.
 F = Levels seen in this place.
 G = Mean time per level.
                   A        B        C        D        E       F      G
               +--------+--------+--------+--------+--------+-----+--------+
         Total |   1155 |   1115 |     40 |      0 |    530 |   2 |  577.5 |
       Dungeon |   1155 |   1115 |     40 |      0 |    530 |   2 |  577.5 |
               +--------+--------+--------+--------+--------+-----+--------+

Top non-repeatable levels by time:
     D:1: 1134 daAuts
     D:2: 21 daAuts
